 Dungeon Crawl Stone Soup version 0.29-a0-885-gb26ba3297d (webtiles) character file.

Game seed: 9942024511457426210

3883 oldmanjim the Cleaver (level 10, -1/81 (83) HPs)
             Began as a Hill Orc Fighter on July 20, 2022.
             Was a Believer of Beogh.
             Slain by a wight
             ... wielding a +3 great sword of freezing
              (5 damage)
             ... on level 8 of the Dungeon.
             The game lasted 00:47:12 (9403 turns).

oldmanjim the Cleaver (Hill Orc Fighter)            Turns: 9403, Time: 00:47:14

HP:   -1/81 (83)    AC: 13    Str: 24    XL:     10   Next: 19%
MP:   16/16         EV: 10    Int:  8    God:    Beogh [**....]
Gold: 226           SH:  5    Dex: 10    Spells: 9/9 levels left

rFire   + + .      SeeInvis .   a - +1 war axe (flame)
rCold   . . .      Faith    .   c - +0 buckler
rNeg    . . .      Spirit   .   n - +2 ring mail {rF+}
rPois   .          Reflect  .   (no helmet)
rElec   .          Harm     .   v - +0 cloak
rCorr   .          Rampage  .   (no gloves)
Will    .....                   (no boots)
Stlth   ..........              g - amulet of the acrobat
HPRegen 0.23/turn               G - +4 ring of protection
MPRegen 0.15/turn               E - ring of protection from fire

@: lightly drained
A: no striking features
a: Renounce Religion, Smiting


You were on level 8 of the Dungeon.
You worshipped Beogh.
Beogh was pleased with you.
You visited 1 branch of the dungeon, and saw 8 of its levels.
You also visited: Sewer.

You collected 424 gold pieces.
You spent 198 gold pieces at shops.

Inventory:

Hand Weapons
 a - a +1 war axe of flaming (weapon)
 b - a +3 hand axe of venom
 y - a +2 flail of protection
 J - a +4 battleaxe
Missiles
 e - 44 stones
 f - 18 poisoned darts
 h - 8 curare-tipped darts
 x - a boomerang (quivered)
Armour
 c - a +0 buckler (worn)
 n - a +2 ring mail of fire resistance (worn)
 v - a +0 cloak (worn)
 w - a +0 leather armour of willpower
Jewellery
 g - an amulet of the acrobat (around neck)
 k - a ring of wizardry
 E - a ring of protection from fire (right hand)
 G - a +4 ring of protection (left hand)
Scrolls
 i - 2 scrolls of enchant weapon
 l - a scroll of identify
 m - a scroll of fear
 o - a scroll of vulnerability
 r - 2 scrolls of brand weapon
 s - a scroll of amnesia
 B - 3 scrolls of immolation
 F - a scroll of teleportation
 K - a scroll of blinking
Potions
 d - 4 potions of mutation
 j - 2 potions of invisibility
 p - 3 potions of heal wounds
 q - 2 potions of haste
 t - 2 potions of curing
 u - a potion of attraction
 z - a potion of flight {unknown}
 A - a potion of lignification {unknown}
 D - 2 potions of degeneration {unknown}
 H - a potion of cancellation {unknown}


   Skills:
 + Level 5.6 Fighting
 + Level 14.9 Axes
 - Level 5.0 Armour
 - Level 5.0 Shields
 - Level 8.0 Invocations


You had 9 spell levels left.
You didn't know any spells.
Your spell library contained the following spells:

 Spells                   Type           Power      Damage    Failure   Level
 Apportation              Tloc           0%         N/A       63%         1
 Shock                    Conj/Air       0%         1d3       63%         1
 Blink                    Tloc           0%         N/A       77%         2
 Sublimation of Blood     Necr           0%         N/A       77%         2
 Lesser Beckoning         Tloc           0%         N/A       94%         3
 Portal Projectile        Hex/Tloc       0%         N/A       94%         3
 Swiftness                Air            0%         N/A       94%         3
 Airstrike                Air            0%         0-1+      100%        4
 Corpse Rot               Necr/Pois/Air  0%         N/A       100%        4
 Dispel Undead            Necr           0%         3d6       100%        4
 Petrify                  Tmut/Erth      0%         N/A       100%        4
 Alistair's Intoxication  Tmut/Pois      0%         N/A       100%        5
 Fireball                 Conj/Fire      0%         3d3       100%        5
 Irradiate                Conj/Tmut      0%         3d11      100%        5
 Summon Forest            Summ/Tloc      0%         N/A       100%        5
 Death Channel            Necr           0%         N/A       100%        6
 Starburst                Conj/Fire      0%         6d3       100%        6
 Ignition                 Fire           0%         3d3       100%        8


Dungeon Overview and Level Annotations

Branches:
Dungeon (8/15)             Temple (0/1) D:4           Sewer (visited)
   Lair: D:8-11

Altars:
Nemelex Xobeh
Okawaru
Vehumet
Wu Jian
Xom

Shops:
D:7 ?

Annotations:
D:5 1 runed translucent door, 2 transporters, exclusion: door, nxtlvl's ghost, amateur DEMo


Message History

You hit the wight. You burn the wight.
The wight is lightly damaged.
You barely miss the wight.
The wight is lightly damaged.
The wight hits you with a +3 dagger of freezing.
* * * LOW HITPOINT WARNING * * *
The wight freezes you.
* * * LOW HITPOINT WARNING * * *
You completely miss the wight.
The wight is lightly damaged.
The wight barely misses you.
You hit the wight. You burn the wight.
The wight is moderately damaged.
The wight hits you but does no damage.
You barely miss the wight.
The wight is moderately damaged.
The wight hits you but does no damage.
You slash the wight! You burn the wight.
You destroy the wight!
Beogh accepts your kill.
Items here: )))) [[[[.
There is a stone staircase leading up here.
Things that are here:
a +1 mace; a +0 robe A wight comes into view.
It is wielding a +3 great sword of freezing.
The wight moves out of view.
You see here a +0 short sword.
You barely miss the wight.
The wight hits you with a +3 great sword of freezing.
* * * LOW HITPOINT WARNING * * *
The wight freezes you.
* * * LOW HITPOINT WARNING * * *
You slash the wight! You burn the wight.
The wight is almost destroyed.
The wight hits you with a +3 great sword of freezing!
* * * LOW HITPOINT WARNING * * *
You feel drained.
* * * LOW HITPOINT WARNING * * *
The wight freezes you.
You die...

*#.,,,,***
***,,,,,,,,
#..,>** *******,,
*#..** **, #..#*
** *#..#* *## *
*#..## *##.#*
*#.)## *#.!..**
##..## ##.)...,*
##.@####..z..,,**
##.z##...#**,,,**
##......#
**,,,*** #.....##
**,,,,* #....)##
**,,,, #.....<##
**,,, ##.......##
**,, ##...###...#
*** #...## ##..#
*


You could see a wight.

Vanquished Creatures
  Erica (D:8)
  A hornet (D:8)
  Prince Ribbit (D:7)
  A steam dragon (D:6)
  A black bear (D:5)
  An ice beast (D:6)
  Pargi (Sewer)
  2 ogres (D:6)
  A centaur (D:7)
  A phantom (D:6)
  2 kobold brigands (D:6)
  Blork the orc (D:6)
  3 necrophages
  A bullfrog (D:6)
  2 scorpions
  16 wights
  2 jellies
  4 hounds
  2 gnoll boudas
  3 orc priests
  4 iguanas
  2 orc wizards (D:6)
  11 gnolls
  6 adders
  3 white imps
  5 worms
  3 dart slugs
  13 orcs
  6 endoplasms
  8 giant cockroaches
  11 goblins
  9 hobgoblins
  4 jackals (D:2)
  8 quokkas
  8 ball pythons
  3 bats
  8 frilled lizards
  8 kobolds
  4 rats
171 creatures vanquished.

Vanquished Creatures (others)
  An orc priest (D:4)
  2 orcs (D:4)
  4 plants (D:4)
7 creatures vanquished.

Grand Total: 178 creatures vanquished

Notes
Turn   | Place    | Note
-------+----------+-------------------------------------------
     0 | D:1      | oldmanjim the Hill Orc Fighter began the quest for the Orb.
     0 | D:1      | Reached XP level 1. HP: 19/19 MP: 1/1
   309 | D:1      | Reached skill level 3 in Axes
   312 | D:1      | Reached XP level 2. HP: 25/27 MP: 2/2
   738 | D:1      | Found a faded altar of an unknown god.
   770 | D:1      | Reached XP level 3. HP: 28/33 MP: 3/3
  1378 | D:2      | Reached skill level 4 in Axes
  1521 | D:2      | Reached XP level 4. HP: 24/40 MP: 4/4
  2086 | D:1      | HP: 2/40 [gnoll/+0 flail (4)]
  2607 | D:3      | Reached XP level 5. HP: 45/46 MP: 5/5
  2681 | D:3      | Found a glowing drain.
  2715 | Sewer    | Entered a sewer
  2726 | Sewer    | Reached skill level 5 in Axes
  2759 | Sewer    | Noticed Pargi
  2775 | Sewer    | HP: 2/46 [Pargi (5)]
  2776 | Sewer    | Killed Pargi
  2777 | Sewer    | Reached skill level 6 in Axes
  2777 | Sewer    | Reached skill level 5 in Shields
  3207 | Sewer    | Reached XP level 6. HP: 52/52 MP: 6/6
  3564 | D:3      | Found a sparkling altar of Nemelex Xobeh.
  4038 | D:4      | Reached skill level 7 in Axes
  4118 | D:4      | Found a staircase to the Ecumenical Temple.
  4122 | D:4      | Became a worshipper of Beogh the Brigand
  4690 | D:4      | Found an iron altar of Okawaru.
  4779 | D:4      | Got Poifus's Collected Works on Coordinates
  4856 | D:4      | Found an ornate altar of the Wu Jian Council.
  4946 | D:4      | Reached skill level 1 in Invocations
  5042 | D:4      | Reached skill level 8 in Axes
  5042 | D:4      | Reached XP level 7. HP: 59/59 MP: 6/8
  5082 | D:5      | Entered Level 5 of the Dungeon
  5276 | D:5      | Found a runed translucent door.
  5282 | D:5      | Noticed nxtlvl's ghost (amateur DEMo)
  5292 | D:5      | Found a transporter.
  5297 | D:5      | Found a transporter.
  6106 | D:5      | Reached skill level 9 in Axes
  6403 | D:6      | Reached * piety under Beogh
  6460 | D:6      | Reached skill level 5 in Invocations
  6460 | D:6      | Reached XP level 8. HP: 66/66 MP: 11/11
  6502 | D:6      | Reached skill level 10 in Axes
  7081 | D:6      | Reached skill level 11 in Axes
  7344 | D:6      | Reached skill level 12 in Axes
  7479 | D:6      | Noticed Blork the orc
  7487 | D:6      | Killed Blork the orc
  7578 | D:6      | Reached XP level 9. HP: 54/72 MP: 11/13
  8181 | D:7      | Reached skill level 5 in Fighting
  8328 | D:7      | Found a radiant altar of Vehumet.
  8425 | D:7      | Found Penagi's Magic Scroll Shop.
  8429 | D:7      | Bought a scroll of identify for 24 gold pieces
  8429 | D:7      | Bought a scroll of blinking for 90 gold pieces
  8429 | D:7      | Bought a scroll of noise for 12 gold pieces
  8429 | D:7      | Bought a scroll of immolation for 48 gold pieces
  8429 | D:7      | Bought a scroll of identify for 24 gold pieces
  8608 | D:7      | Noticed Prince Ribbit
  8632 | D:7      | Killed Prince Ribbit
  8633 | D:7      | Reached skill level 13 in Axes
  9223 | D:8      | Noticed Erica
  9224 | D:8      | Found a shimmering altar of Xom.
  9241 | D:8      | Killed Erica
  9242 | D:8      | Reached skill level 14 in Axes
  9242 | D:8      | Reached XP level 10. HP: 11/81 MP: 15/15
  9267 | D:8      | Reached ** piety under Beogh
  9268 | D:8      | Reached skill level 5 in Armour
  9403 | D:8      | HP: 4/81 [wight/+3 great sword of freezing (5)]
  9403 | D:8      | Slain by a wight

Illustrated notes

Levels and vault maps discovered:
D:1:      saegor_arrival_simple_e, layout_loops_corners,
          ebering_ecumenical_altar_petrified, corexii_corridor_pit
D:2:      layout_loops_ring
D:3:      layout_basic, nemelex_spade_bored_becter, gup_sewer_entry_pipe,
          kennysheep_generic_room_8
D:4:      layout_basic, kennysheep_little_box, okawaru_gym_becter,
          minmay_temple_entry_gardened_gates
D:5:      gammafunk_steamed_eel, layout_cave_pods, ebering_ghost_sewer_d
D:6:      layout_loops_corners, minmay_fractal_squares_gapless_5,
          uniq_blork_the_orc
D:7:      layout_gridville, nicolae_vehumet_radiance, serial_shops, shop,
          uniq_prince_ribbit1
D:8:      layout_layer_cave, mainiacjoe_overflow_small_starburst,
          enter_bailey_8, uniq_erica

Skill      XL: |  1  2  3  4  5  6  7  8  9 10 |
---------------+-------------------------------+-----
Axes           | 3 4 6 8 9 12 14 | 14.9
Fighting       | 4 5 |  5.6
Shields        | 4 5 |  5.0
Invocations    | 2 5 7 8 |  8.0
Armour         | 4 5 |  5.0

Action                   |  1- 3 |  4- 6 |  7- 9 | 10-12 || total
-------------------------+-------+-------+-------+-------++-------
Melee: War axe           |   125 |   177 |   179 |    28 ||   509
       Hand axe          |       |       |    51 |     8 ||    59
Throw: Stone             |       |    10 |       |       ||    10
       Dart              |       |    13 |    17 |       ||    30
       Boomerang         |       |       |    19 |       ||    19
Invok: Convert to Beogh  |       |     1 |       |       ||     1
  Use: Potion            |       |     2 |       |       ||     2
       Scroll            |       |       |    13 |       ||    13
Armor: Scale mail        |    45 |    11 |       |       ||    56
       Ring mail         |       |    49 |    45 |     8 ||   102
Dodge: Dodged            |    61 |    97 |    85 |    10 ||   253
Block: Buckler           |    19 |    44 |    41 |     4 ||   108

Table legend: (Time is in decaauts)
 A = Elapsed time spent in this place.
 B = Non-inter-level travel time spent in this place.
 C = Inter-level travel time spent in this place.
 D = Time resting spent in this place.
 E = Time spent auto-exploring this place.
 F = Levels seen in this place.
 G = Mean time per level.
                   A        B        C        D        E       F      G
               +--------+--------+--------+--------+--------+-----+--------+
         Total |   9526 |   9158 |    368 |   1204 |   6191 |   9 | 1058.4 |
       Dungeon |   8900 |   8532 |    368 |    818 |   6103 |   8 | 1112.5 |
         Sewer |    625 |    625 |      0 |    386 |     88 |   1 |  625.0 |
               +--------+--------+--------+--------+--------+-----+--------+

Top non-repeatable levels by time:
     D:1: 1730 daAuts
     D:6: 1713 daAuts
     D:3: 1221 daAuts
     D:7: 1220 daAuts
     D:5: 1180 daAuts
     D:2: 888 daAuts
     D:4: 761 daAuts
   Sewer: 625 daAuts
     D:8: 184 daAuts
